AoeStats
← AIDOS

Arena

509840453Analyzed
2v2 RM · 4d ago on Sep 28, 2026· 39m 51s· 4 players
Game mode
Random Map
Map size
Medium (4 player)
Population
200
Speed
Normal
Resources
Standard
Victory
Conquest
Starting age
Dark Age
Ending age
Imperial Age
RankedLock teamsTeams togetherTeam positionsShared explorationLock speedFull tech treeHidden civsTurbo modeCheats
Victory
Defeat
🇮🇳 Bohemians · India
760
+15
🇨🇳 Franks · China
733
+16
🇦🇺 Portuguese · Australia
788
-45
🇩🇪 Britons · Germany
667
-13
45001072
0:34 Loom
11:10 Feudal Age
17:32 Castle Age
16:03 Double-Bit Axe
17:16 Gold Mining
19:49 Fervor
20:18 Forging
21:59 Scale Barding Armor
25:01 Wheelbarrow
24:50 Sanctity
24:42 Stone Mining
24:51 Fletching
25:55 Bow Saw
27:32 Gold Shaft Mining
26:59 Town Watch
28:40 Iron Casting
30:29 Chain Barding Armor
30:26 Bodkin Arrow
32:41 Masonry
35:32 Imperial Age
34:13 Hand Cart
34:31 Devotion
34:38 Husbandry
35:23 Ballistics
34:59 Murder Holes
36:42 Cavalier
38:25 Blast Furnace
38:21 Architecture
38:52 Chemistry
38:07 Arrowslits
39:55 Plate Barding Armor
pussy noodles
11:24 Feudal Age
19:40 Castle Age
17:47 Double-Bit Axe
17:44 Horse Collar
22:10 Fortified Wall
24:00 Chemistry
35:24 Imperial Age
33:30 Wheelbarrow
32:41 Town Watch
32:42 Loom
33:00 Squires
32:46 Arson
33:17 Masonry
33:02 Murder Holes
34:04 Bow Saw
33:57 Heavy Plow
34:01 Town Patrol
35:03 Hand Cart
34:54 Padded Archer Armor
34:55 Scale Mail Armor
34:17 Pikeman
36:07 Leather Archer Armor
35:30 Halberdier
36:18 Siege Engineers
36:35 Ballistics
37:16 Conscription
38:10 Two-Man Saw
38:01 Houfnice
38:50 Elite Hussite Wagon
AIDOS
10:33 Feudal Age
12:14 Wheelbarrow
15:00 Double-Bit Axe
17:23 Horse Collar
22:16 Castle Age
20:02 Loom
20:03 Town Watch
23:02 Man-at-Arms
23:27 Gambesons
23:54 Stone Mining
25:36 Husbandry
31:19 Caravan
32:02 Hand Cart
31:48 Long Swordsman
34:29 Scale Barding Armor
34:25 Scale Mail Armor
34:38 Forging
40:35 Imperial Age
38:02 Light Cavalry
38:52 Bloodlines
39:54 Town Patrol
maxbrinkmann95
4:45 Loom
11:29 Feudal Age
12:00 Double-Bit Axe
13:16 Wheelbarrow
19:32 Castle Age
17:57 Horse Collar
18:11 Stone Mining
21:53 Hand Cart
21:55 Bow Saw
22:49 Treadmill Crane
23:03 Pikeman
24:20 Scale Mail Armor
24:49 Heavy Plow
27:13 Ballistics
27:47 Gold Mining
33:01 Squires
33:18 Caravan
33:56 Fortified Wall
34:12 Yeomen
33:46 Fletching
33:57 Padded Archer Armor
34:08 Forging
34:13 Chain Mail Armor
35:18 Gambesons
35:19 Arson
35:32 Bodkin Arrow
35:53 Leather Archer Armor
36:14 Iron Casting
36:44 Elite Skirmisher
41:22 Imperial Age
38:40 Town Watch
Connection lost

Rejoining the realm…

Still unreachable

The connection could not be restored.

Session expired

The server has moved on; the page needs a fresh start.